 Dungeon Crawl Stone Soup version 0.30-a0-1035-g38d5fb2972 (webtiles) character file.

Game seed: 15793778872634244269

125 cheesebisquit the Firebug (level 5, -6/42 HPs)
             Began as a Hill Orc Fire Elementalist on Apr 8, 2023.
             Mangled by a gnoll
             ... wielding a +0 flail
              (9 damage)
             ... on level 3 of the Dungeon.
             The game lasted 00:09:53 (2797 turns).

cheesebisquit the Firebug (HOFE)                    Turns: 2797, Time: 00:09:53

Health: -6/42      AC:  3    Str: 11    XL:     5   Next: 9%
Magic:  2/8        EV: 12    Int: 17    God:
Gold:   101        SH:  0    Dex: 11    Spells: 2/8 levels left

rFire   . . .      SeeInvis .    v - +0 morningstar
rCold   . . .      Faith    .    (no shield)
rNeg    . . .      Spirit   .    a - +0 robe
rPois   .          Reflect  .    j - +0 helmet
rElec   .          Rampage  .    (no cloak)
rCorr   .                        (no gloves)
Will    .....                    (no boots)
Stlth   ++                       (no amulet)
HPRegen 0.27/turn                (no ring)
MPRegen 0.11/turn                (no ring)

@: no status effects
A: no striking features
a: no special abilities


You were on level 3 of the Dungeon.
You visited 1 branch of the dungeon, and saw 3 of its levels.

You collected 101 gold pieces.

Inventory:

Hand Weapons
 f - a +4 dagger of draining
 v - a +0 morningstar (weapon)
Missiles
 c - 13 boomerangs
 k - 3 poisoned darts
Armour
 a - a +0 robe (worn)
 d - a +0 leather armour
 j - a +0 helmet (worn)
Wands
 q - a wand of flame (22)
Scrolls
 h - 2 scrolls of identify {unknown}
 i - a scroll of teleportation {unknown}
 l - a scroll of blinking {unknown}
 m - a scroll of enchant armour {unknown}
 n - a scroll of immolation {unknown}
 o - a scroll of fog {unknown}
 r - a scroll of noise {unknown}
 t - a scroll of enchant weapon {unknown}
Potions
 e - a potion of attraction {unknown}
 g - 2 potions of mutation {unknown}
 p - a potion of flight {unknown}
 s - a potion of heal wounds {unknown}
 u - a potion of brilliance {unknown}


   Skills:
 + Level 2.4 Fighting
 - Level 1.5 Dodging
 - Level 1.5 Stealth
 + Level 2.3 Spellcasting
 - Level 1.0 Conjurations
 * Level 5.0 Fire Magic


You had 2 spell levels left.
You knew the following spells:

 Your Spells              Type           Power      Damage    Failure   Level
a - Foxfire               Conj/Fire      48%        2x1d6     5%          1
b - Inner Flame           Hex/Fire       10%        N/A       21%         3
z - Scorch                Fire           36%        2d6       3%          2

Your spell library contained the following spells:

 Spells                   Type           Power      Damage    Failure   Level
 Volatile Blastmotes      Fire/Tloc      20%        2d11      21%         3
 Flame Wave               Conj/Fire      12%        2d6       47%         4
 Blade Hands              Tmut           0%         N/A       99%         5
 Irradiate                Conj/Tmut      1%         3d12      99%         5
 Dragon Form              Tmut           0%         N/A       100%        7


Dungeon Overview and Level Annotations

Branches:
Dungeon (3/15)

Altars:
Elyvilon
Beogh


Message History

The foxfire hits the gnoll.
The gnoll is heavily wounded.
The foxfire hits the gnoll.
The gnoll is severely wounded.
You barely miss the gnoll.
The gnoll is severely wounded.
The gnoll hits you with a +0 whip! The gnoll hits you with a +0 whip.
Magic courses through your body. The gnoll hits you with a +0 whip.
Casting: Foxfire (safe; 5% risk of failure)
Press: ? - help, Q - select action, (/) - cycle Dir - look around, f - activate You conjure some foxfire!
The gnoll closely misses you. x2
Casting: Foxfire (safe; 5% risk of failure)
Confirm with . or Enter, or press ? or * to list all spells.
Flames lash the gnoll.
The gnoll is moderately wounded.
The gnoll's fire resistance burns away.
The foxfire hits the gnoll.
The gnoll is almost dead.
The foxfire hits the gnoll but does no damage.
The gnoll is almost dead.
The gnoll hits you but does no damage. The gnoll hits you with a +0 flail!
Casting: Foxfire (safe; 5% risk of failure)
Press: ? - help, Q - select action, (/) - cycle Dir - look around, f - activate You conjure some foxfire!
The gnoll hits you with a +0 flail!
* * * LOW HITPOINT WARNING * * *
The gnoll hits you with a +0 whip.
* * * LOW HITPOINT WARNING * * *
Okay, then.
Okay, then.
Casting: Foxfire (safe; 5% risk of failure)
Confirm with . or Enter, or press ? or * to list all spells.
Flames lash the gnoll.
You kill the gnoll!
The foxfire hits the gnoll.
The gnoll is moderately wounded.
The foxfire hits the gnoll.
The gnoll is moderately wounded.
The gnoll hits you with a +0 flail!
You die...

#.# #.# #.#
#.# #.# #.#
#.####.#
.....#.#
#.##.#.#
#.##...#
#...§§## .
###.@.#
#########.#
#.)g#
.......<..#
#.†.#
#########.#
#)..# #
....#
.#.#.#
......# #
#. ##


You could see a gnoll (combustible).

Vanquished Creatures
  2 gnolls (D:3)
  3 adders
  A worm (D:2)
  A dart slug (D:3)
  7 orcs (D:2)
  4 bats
  4 endoplasms
  3 giant cockroaches
  5 goblins
  3 hobgoblins (D:1)
  14 jackals
  4 quokkas
  3 ball pythons (D:1)
  3 frilled lizards
  8 kobolds
  5 rats
70 creatures vanquished.

Vanquished Creatures (others)
  130 foxfires
130 creatures vanquished.

Grand Total: 200 creatures vanquished

Notes
Turn   | Place    | Note
-------+----------+-------------------------------------------
     0 | D:1      | cheesebisquit the Hill Orc Fire Elementalist began the
                  | quest for the Orb.
     0 | D:1      | Reached XP level 1. HP: 14/14 MP: 3/3
   237 | D:1      | Reached XP level 2. HP: 22/22 MP: 1/4
   318 | D:1      | Reached skill level 1 in Fighting
   614 | D:1      | Reached XP level 3. HP: 28/28 MP: 2/5
   709 | D:1      | Reached skill level 4 in Fire Magic
   712 | D:1      | Learned a level 2 spell: Scorch
  1492 | D:2      | Learned a level 3 spell: Inner Flame
  1649 | D:2      | Reached XP level 4. HP: 34/36 MP: 2/7
  2137 | D:2      | Found a white marble altar of Elyvilon.
  2300 | D:2      | Found a roughly hewn altar of Beogh.
  2334 | D:2      | Found a faded altar of an unknown god.
  2773 | D:3      | Reached XP level 5. HP: 42/42 MP: 4/8
  2789 | D:3      | Reached skill level 5 in Fire Magic
  2797 | D:3      | Mangled by a gnoll

Illustrated notes

Levels and vault maps discovered:
D:1:      ncdulo_watergridlock, layout_basic, minmay_3d_cube
D:2:      layout_loops_ring, basic_altar,
          hellmonk_ecumenical_altar_defaced_shrine, minivault_19,
          minmay_tromino_v2
D:3:      layout_loops_ring, mainiacjoe_overflow_six_doors_small,
          lemuel_coloured_pillars_altar, lightli_corner_chamber

Skill      XL: |  1  2  3  4  5 |
---------------+----------------+-----
Fighting       | 1 2 |  2.4
Fire Magic     | 4 5 |  5.0
Spellcasting   | 2 |  2.3
Dodging        | |  1.5
Stealth        | |  1.5
Conjurations   | |  1.0

Action                     |  1- 3 |  4- 6 || total
---------------------------+-------+-------++-------
  Melee: Unarmed           |     1 |       ||     1
         Dagger            |    17 |     7 ||    24
         Morningstar       |       |     2 ||     2
   Cast: Foxfire           |    51 |    29 ||    80
         Scorch            |     3 |    12 ||    15
    Use: Potion            |       |     1 ||     1
 Armour: Robe              |     9 |     4 ||    13
  Dodge: Dodged            |    25 |    13 ||    38

Table legend: (Time is in decaauts)
 A = Elapsed time spent in this place.
 B = Non-inter-level travel time spent in this place.
 C = Inter-level travel time spent in this place.
 D = Time resting spent in this place.
 E = Time spent auto-exploring this place.
 F = Levels seen in this place.
 G = Mean time per level.
                   A        B        C        D        E       F      G
               +--------+--------+--------+--------+--------+-----+--------+
         Total |   2799 |   2647 |    152 |     20 |   2158 |   3 |  933.0 |
       Dungeon |   2799 |   2647 |    152 |     20 |   2158 |   3 |  933.0 |
               +--------+--------+--------+--------+--------+-----+--------+

Top non-repeatable levels by time:
     D:1: 1434 daAuts
     D:2: 1014 daAuts
     D:3: 350 daAuts
